 Dungeon Crawl Stone Soup version 0.21.1-1-g345015f (webtiles) character file.

479 grindst0ne the Charlatan (level 7, -2/55 HPs)
             Began as a Human Artificer on Feb 27, 2018.
             Killed themself with a badly aimed fireball (17 damage)
             ... on level 4 of the Dungeon.
             The game lasted 00:10:49 (4129 turns).

grindst0ne the Charlatan (Human Artificer)          Turns: 4129, Time: 00:10:50

Health: -2/55      AC:  5    Str: 12 (13) XL:     7   Next: 33%
Magic:  11/11      EV: 12    Int: 11 (12) God:
Gold:   152        SH:  0    Dex: 13 (14) Spells: 6/6 levels left

rFire    . . .     SeeInvis .   h - +0 war axe
rCold    . . .     Gourm    .   (no shield)
rNeg     . . .     Faith    .   i - +0 troll leather armour {Purgy}
rPois    .         Spirit   .   k - +0 helmet
rElec    .         Reflect  .   (no cloak)
rCorr    .         Harm     .   (no gloves)
MR       .....                  (no boots)
Stlth    +.........             (no amulet)
HPRegen  0.58/turn              (no ring)
MPRegen  0.12/turn              (no ring)

@: lethally poisoned (-2 -> -13)
A: no striking features
a: no special abilities


You were on level 4 of the Dungeon.
You were not hungry.

You visited 1 branch of the dungeon, and saw 4 of its levels.

You collected 152 gold pieces.

Inventory:

Hand Weapons
 b - a +0 hand axe
 h - a +0 war axe (weapon)
 r - a +1 vampiric dagger
Armour
 i - a +0 troll leather armour (worn) {Purgy}
 j - a cursed +0 plate armour
 k - a +0 helmet (worn)
Wands
 c - a wand of digging (8)
 d - a wand of enslavement (24)
 e - a wand of random effects (2)
Scrolls
 n - a scroll of identify {unknown}
 o - a scroll of enchant armour {unknown}
 p - a scroll of noise {unknown}
 q - 3 scrolls of remove curse {unknown}
Comestibles
 a - a chunk of flesh
 f - 5 rations


   Skills:
 + Level 4.8 Fighting
 - Level 1.0 Short Blades
 + Level 1.2 Axes
 + Level 1.2 Armour
 - Level 2.0 Dodging
 - Level 1.0 Stealth
 + Level 5.6 Evocations


You had 6 spell levels left.
You didn't know any spells.

Dungeon Overview and Level Annotations

Branches:
Dungeon (4/15)
 Temple: D:4-7

Altars:
Cheibriados
Kikubaaqudgha
Nemelex Xobeh

Annotations:
D:3 Grinder


Message History

You feel very sick. The scorpion stings you.
You hit the scorpion but do no damage.
The scorpion is severely wounded.
You feel sick. The scorpion misses you. The scorpion barely misses you.
You barely miss the scorpion.
The scorpion is severely wounded.
You feel sick. The scorpion stings you.
* * * LOW HITPOINT WARNING * * *
You are more poisoned.
The scorpion poisons you!
You aren't carrying any potions.
Evoke which item? (* to show all) (? for menu, Esc to quit)
Aiming: Random Effects
Press: ? - help, Shift-Dir - straight line, f - scorpion
Aim: a scorpion (severely wounded)
The fireball explodes!
The fireball engulfs the scorpion.
The scorpion is almost dead.
The fireball engulfs you!
You die...

#.########..#
#...........#
#.########...
#.####.<......
#...........###
########.####.######
.........#
########.# ##### #@#
......##s# #....#
#...........
.....#######.##
#####


You could see a scorpion.

Vanquished Creatures
  Sigmund (D:2)
  Purgy (D:3)
  An orc priest (D:3)
  Terence (D:2)
  Natasha (D:1)
  A worker ant (D:4)
  Robin (D:1)
  4 adders
  2 oozes (D:2)
  A worm (D:3)
  4 leopard geckos
  3 orcs (D:3)
  2 giant cockroaches
  15 goblins
  9 hobgoblins
  2 jackals (D:1)
  A quokka (D:3)
  2 bats
  6 frilled lizards
  10 kobolds
  5 rats
73 creatures vanquished.

Notes
Turn   | Place    | Note
-------+----------+-------------------------------------------
     0 | D:1      | grindst0ne the Human Artificer began the quest for the Orb.
     0 | D:1      | Reached XP level 1. HP: 15/15 MP: 3/3
   193 | D:1      | Reached XP level 2. HP: 12/21 MP: 4/4
   822 | D:2      | Reached XP level 3. HP: 22/27 MP: 5/5
   838 | D:2      | Noticed Robin
   842 | D:2      | Noticed Natasha
  1234 | D:1      | Killed Robin
  1323 | D:2      | Noticed Sigmund
  1333 | D:1      | Killed Natasha
  1333 | D:1      | Reached skill level 4 in Evocations
  1333 | D:1      | Reached XP level 4. HP: 11/34 MP: 5/7
  1532 | D:2      | Killed Sigmund
  1532 | D:2      | Reached skill level 5 in Evocations
  1532 | D:2      | Reached XP level 5. HP: 34/42 MP: 8/8
  1532 | D:2      | Reached XP level 6. HP: 39/48 MP: 9/9
  1629 | D:2      | Noticed Terence
  1665 | D:2      | Killed Terence
  1932 | D:2      | Found a sparkling altar of Nemelex Xobeh.
  2217 | D:3      | Noticed Grinder
  2226 | D:3      | Paralysed by Grinder for 6 turns
  2447 | D:3      | Paralysed by Grinder for 4 turns
  2912 | D:3      | Found an ancient bone altar of Kikubaaqudgha.
  3467 | D:3      | Reached XP level 7. HP: 52/55 MP: 11/11
  3591 | D:3      | Noticed Purgy
  3715 | D:3      | Killed Purgy
  3715 | D:3      | Reached skill level 1 in Axes
  3715 | D:3      | Reached skill level 1 in Armour
  3759 | D:3      | Found a snail-covered altar of Cheibriados.
  3815 | D:3      | Paralysed by something for 6 turns
  3828 | D:3      | HP: 1/55 [something/nerve-wracking pain (10)]
  4129 | D:4      | Killed themself with a badly aimed fireball

Skill      XL: |  1  2  3  4  5  6  7 |
---------------+----------------------+-----
Fighting       | 2 4 |  4.8
Evocations     | 4 5 |  5.6
Axes           | 1 |  1.2
Armour         | 1 |  1.2
Short Blades   | |  1.0
Dodging        | |  2.0
Stealth        | |  1.0

Action                   |  1- 3 |  4- 6 |  7- 9 || total
-------------------------+-------+-------+-------++-------
Melee: Short sword       |    46 |       |       ||    46
       Hand axe          |    60 |    94 |       ||   154
       Dagger            |       |    66 |       ||    66
       War axe           |       |    60 |    44 ||   104
Evoke: Wand              |     3 |    19 |     7 ||    29
  Use: Potion            |       |     2 |     1 ||     3
       Scroll            |       |       |     2 ||     2
  Eat: Chunk             |     1 |     5 |     3 ||     9
       Ration            |       |     2 |       ||     2
Armor: Ring mail         |    59 |    82 |     8 ||   149
       Troll leather arm |       |       |    10 ||    10
Dodge: Dodged            |    57 |   147 |    42 ||   246
